 Dungeon Crawl Stone Soup version 0.21.1-1-g345015f (webtiles) character file.

93 HEYYEYAAE the Magician (level 4, -5/24 HPs)
             Began as a Deep Elf Conjurer on Feb 10, 2018.
             Killed from afar by a white imp (12 damage)
             ... with a puff of frost
             ... summoned by Natasha
             ... on level 3 of the Dungeon.
             The game lasted 00:02:08 (1943 turns).

HEYYEYAAE the Magician (Deep Elf Conjurer)          Turns: 1943, Time: 00:02:09

Health: -5/24      AC:  3    Str:  5    XL:     4   Next: 36%
Magic:  5/13       EV: 13    Int: 21    God:
Gold:   106        SH:  0    Dex: 15    Spells: 12/13 levels left

rFire    . . .     SeeInvis .   (no weapon)
rCold    . . .     Gourm    .   (no shield)
rNeg     . . .     Faith    .   a - +0 robe
rPois    .         Spirit   .   m - +0 helmet
rElec    .         Reflect  .   (no cloak)
rCorr    .         Harm     .   (no gloves)
MR       .....                  (no boots)
Stlth    ++........             (no amulet)
HPRegen  0.08/turn              (no ring)
MPRegen  0.13/turn              (no ring)

@: no status effects
A: no striking features
a: no special abilities


You were on level 3 of the Dungeon.
You were hungry.

You visited 1 branch of the dungeon, and saw 3 of its levels.

You collected 106 gold pieces.

Inventory:

Missiles
 j - 52 stones (quivered)
Armour
 a - a +0 robe (worn)
 m - a +0 helmet (worn)
Scrolls
 d - 5 scrolls of remove curse {unknown}
 e - a scroll of immolation {unknown}
 f - 2 scrolls of teleportation {unknown}
 h - a scroll of amnesia {unknown}
 l - a scroll of identify {unknown}
 n - a scroll of magic mapping {unknown}
 o - a scroll of enchant weapon {unknown}
 p - a scroll of random uselessness {unknown}
Potions
 g - a potion of haste {unknown}
 i - a potion of degeneration {unknown}
 k - a potion of flight {unknown}
Books
 b - a book of Conjurations

   Spells                             Type                      Level
   a - Magic Dart                     Conjuration                  1
   b - Searing Ray                    Conjuration                  2
   c - Dazzling Spray                 Conjuration/Hexes            3
   d - Fulminant Prism                Conjuration/Hexes            4
   e - Force Lance                    Conjuration/Translocation    4
   f - Iskenderun's Mystic Blast      Conjuration                  4
Comestibles
 c - 4 rations


   Skills:
 - Level 0.3 Fighting
 - Level 0.1 Armour
 - Level 2.5 Dodging
 - Level 2.4 Stealth
 * Level 5.3 Spellcasting
 + Level 5.1 Conjurations


You had 12 spell levels left.
You knew the following spells:

 Your Spells              Type           Power        Failure   Level  Hunger
a - Magic Dart            Conj           ####         1%          1    None


Dungeon Overview and Level Annotations

Branches:
Dungeon (3/15)

Altars:
Ashenzari
Gozag
Xom

Annotations:
D:3 Natasha


Message History

Confirm with . or Enter, or press ? or * to list all spells.
Aiming: Magic Dart
Press: ? - help, Shift-Dir - straight line, f/p - Natasha
Aim: Natasha (severely wounded)
The magic dart hits the white imp.
The white imp is heavily wounded.
The white imp gestures at you. The puff of frost hits you!
* * * LOW HITPOINT WARNING * * *
Casting: Magic Dart
Confirm with . or Enter, or press ? or * to list all spells.
Aiming: Magic Dart
Press: ? - help, Shift-Dir - straight line, f/p - Natasha
Aim: Natasha (severely wounded)
The magic dart hits the white imp.
The white imp is heavily wounded.
Natasha mumbles some strange words.
The white imp gestures at you. The puff of frost hits you!
Ouch! That really hurt!
You die...

### #####.#.#
#.. #.......#
#.# #.####..#
#.# #.##....#
#.###.....#>#
#.........###
#.#########
#.# #@#
#.h5.#
.5.ยง5####
####


You could see an iron imp, Natasha, a crimson imp and a white imp.

Vanquished Creatures
  Natasha (D:3)
  An adder (D:2)
  An ooze (D:2)
  A worm (D:2)
  A dart slug (D:3)
  A leopard gecko (D:1)
  An orc (D:3)
  3 bats
  3 giant cockroaches
  5 goblins
  8 hobgoblins
  3 jackals (D:2)
  A quokka (D:2)
  3 frilled lizards
  6 kobolds
  7 rats
46 creatures vanquished.

Notes
Turn   | Place    | Note
-------+----------+-------------------------------------------
     0 | D:1      | HEYYEYAAE the Deep Elf Conjurer began the quest for the Orb.
     0 | D:1      | Reached XP level 1. HP: 10/10 MP: 6/6
   320 | D:1      | Reached XP level 2. HP: 15/15 MP: 4/8
   901 | D:2      | Found a shattered altar of Ashenzari.
   951 | D:2      | Found a shimmering altar of Xom.
   952 | D:2      | Found an opulent altar of Gozag.
  1022 | D:2      | Reached XP level 3. HP: 19/19 MP: 5/10
  1678 | D:3      | Noticed Natasha
  1684 | D:3      | Killed Natasha
  1684 | D:3      | Reached skill level 5 in Spellcasting
  1684 | D:3      | Reached skill level 5 in Conjurations
  1684 | D:3      | Reached XP level 4. HP: 13/24 MP: 3/13
  1824 | D:3      | Found a faded altar of an unknown god.
  1935 | D:3      | Noticed Natasha
  1943 | D:3      | Killed from afar by a white imp

Skill      XL: |  1  2  3 |
---------------+----------+-----
Spellcasting   | 4 5 |  5.3
Conjurations   | 5 |  5.1
Fighting       | |  0.3
Armour         | |  0.1
Dodging        | |  2.5
Stealth        | |  2.4

Action                   |  1- 3 |  4- 6 || total
-------------------------+-------+-------++-------
Melee: Unarmed           |     5 |       ||     5
 Cast: Magic Dart        |    79 |    18 ||    97
  Eat: Chunk             |     2 |       ||     2
Armor: Robe              |     1 |       ||     1
Dodge: Dodged            |     6 |     2 ||     8
